details: 'wagonmancer'

« prev index next »

General information

Mini Map

Players

team 1
Random» UndeadTIMG4STRok (teal | 122 APM | 2593 actions | 21:13)
Hero icon 4 Death Knight
Ability icon 2 Death Coil
Ability icon 2 Unholy Aura
Hero icon 4 Lich
Ability icon 2 Frost Nova
Ability icon 2 Frost Armor

» actions
Assign group hotkey31
Basic commands90
Build / train64
ESC pressed3
Enter build submenu23
Enter hero's abilities submenu8
Give item / drop item3
Right click1186
Select / deselect274
Select group hotkey829
Use ability82
2593 total
» units
Acolyte3
Ghoul6
Gargoyle8
Obsidian Statue2
Meatwagon2
Necromancer5
26 total
» upgrades
Creature Attack2
Stone Form2
Disease Cloud1
Unholy Armor1
Necromancer Training2
Skeletal Mastery1
Skeletal Longevity1
Exhume Corpses1
11 total
» buildings
Crypt2
Altar of Darkness1
Ziggurat8
Tomb of Relics4
Nerubian Tower1
Halls of the Dead1
Graveyard1
Black Citadel1
Slaughterhouse1
Temple of the Damned1
Spirit Tower2
Necropolis1
24 total
» build order
00:06 Crypt
00:08 Altar of Darkness
00:33 Ziggurat
01:03 Tomb of Relics
01:05 Tomb of Relics
01:07 Ziggurat
01:58 Nerubian Tower
03:40 Halls of the Dead
04:10 Graveyard
04:12 Crypt
04:33 Ziggurat
07:07 Ziggurat
10:24 Black Citadel
10:26 Slaughterhouse
11:41 Ziggurat
12:04 Ziggurat
13:30 Temple of the Damned
14:56 Spirit Tower
15:03 Ziggurat
15:23 Tomb of Relics
15:27 Spirit Tower
15:46 Ziggurat
17:56 Tomb of Relics
21:06 Necropolis
» items
Rod of Necromancy1
Orb of Corruption1
Potion of Healing1
Replenishment Potion1
Gloves of Haste1
Claws of Attack +61
Claws of Attack +91
Potion of Invisibility1
Scroll of Town Portal2
Sacrificial Skull1
11 total
team 2
NightElfAkito (green | 224 APM | 4749 actions | 21:12)
Hero icon 3 Demon Hunter
Ability icon 2 Mana Burn
Ability icon 1 Evasion
Hero icon 4 Pandaren Brewmaster
Ability icon 2 Breath of Fire
Ability icon 1 Drunken Brawler
Ability icon 1 Drunken Haze
Hero icon 1 Dark Ranger
Ability icon 1 Silence

» actions
Assign group hotkey24
Basic commands631
Build / train90
ESC pressed2
Enter build submenu24
Enter hero's abilities submenu9
Give item / drop item9
Right click1573
Select / deselect479
Select group hotkey1791
Use ability117
4749 total
» units
Wisp38
Archer4
Dryad6
Druid of the Claw1
49 total
» upgrades
Abolish Magic1
Druid of the Claw Training2
Reinforced Hides1
Strength of the Wild2
6 total
» buildings
Altar of Elders1
Moon Well6
Ancient of War1
Tree of Ages3
Hunter's Hall1
Ancient of Wonders4
Ancient Protector4
Ancient of Lore2
Tree of Life3
Tree of Eternity1
26 total
» build order
00:09 Altar of Elders
00:17 Moon Well
00:22 Ancient of War
01:41 Moon Well
02:37 Tree of Ages
02:37 Tree of Ages
02:46 Moon Well
03:45 Hunter's Hall
04:11 Ancient of Wonders
04:51 Ancient Protector
05:54 Ancient of Lore
07:06 Ancient of Lore
08:17 Tree of Life
09:11 Tree of Eternity
09:32 Moon Well
11:02 Ancient of Wonders
11:05 Ancient of Wonders
11:28 Ancient of Wonders
11:38 Ancient Protector
11:54 Ancient Protector
14:30 Tree of Life
15:04 Moon Well
16:28 Tree of Life
17:54 Moon Well
19:27 Ancient Protector
» items
Boots of Speed3
Staff of Teleportation1
Moonstone1
Potion of Healing1
Staff of Preservation1
Lesser Clarity Potion1
Tome of Retraining1
Potion of Invisibility1
Orb of Venom1
Anti-magic Potion1
Potion of Lesser Invulnerability1
Dust of Appearance1
Scroll of Town Portal1
15 total